 Dungeon Crawl Stone Soup version 0.29.1-1-gd02db6906a (webtiles) character file.

Game seed: 16157963326212527363

11369 Earthwalker the Carver (level 11, -1/97 HPs)
             Began as a Minotaur Fighter on Oct 5, 2022.
             Was an Initiate of Gozag.
             Slain by a ten-headed hydra (10 damage)
             ... on level 2 of the Lair of Beasts.
             The game lasted 00:57:21 (10552 turns).

Earthwalker the Carver (Minotaur Fighter)          Turns: 10552, Time: 00:57:21

Health: -1/97      AC: 15    Str: 21    XL:     11   Next: 48%
Magic:  10/10      EV: 13    Int:  5    God:    Gozag
Gold:   1265       SH:  7    Dex: 14    Spells: 10/10 levels left

rFire   . . .      SeeInvis .   S - +2 long sword (vamp)
rCold   . . .      Faith    .   c - +1 buckler
rNeg    . . .      Spirit   .   k - +0 chain mail
rPois   +          Reflect  .   (helmet restricted)
rElec   .          Harm     .   J - scarf {repulsion}
rCorr   .          Rampage  .   e - +0 pair of gloves
Will    .....                   m - +0 pair of boots
Stlth   ..........              h - amulet of regeneration
HPRegen 1.06/turn               q - ring of poison resistance
MPRegen 0.12/turn               N - +4 ring of evasion

@: about to teleport, gold aura, repel missiles
A: horns 2, retaliatory headbutt
a: Renounce Religion, Potion Petition, Call Merchant, Bribe Branch


You were on level 2 of the Lair of Beasts.
You worshipped Gozag.
Gozag was most pleased with you.
You visited 3 branches of the dungeon, and saw 12 of its levels.

You collected 2712 gold pieces.
You spent 1301 gold pieces at shops.
You paid 146 gold pieces to Gozag.

Inventory:

Hand Weapons
 a - a +0 long sword
 y - a +2 falchion of protection
 H - a +4 great sword
 S - a +2 vampiric long sword (weapon)
Missiles
 A - 3 throwing nets (quivered)
Armour
 c - a +1 buckler (worn)
 e - a +0 pair of gloves (worn)
 k - a +0 chain mail (worn)
 m - a +0 pair of boots (worn)
 J - a scarf of repulsion (worn)
 Q - an orb of light
Magical Staves
 v - a staff of cold
Jewellery
 h - an amulet of regeneration (around neck)
 i - a ring of positive energy
 p - a +6 ring of strength
 q - a ring of poison resistance (left hand)
 w - a ring of magical power
 C - a ring of willpower
 F - a ring of ice
 N - a +4 ring of evasion (right hand)
Wands
 x - a wand of polymorph (16)
 B - a wand of roots (18)
 G - a wand of mindburst (20)
Scrolls
 g - a scroll of identify
 j - 9 scrolls of teleportation
 r - 4 scrolls of enchant armour
 E - 2 scrolls of vulnerability
 K - 2 scrolls of magic mapping
 L - 4 scrolls of fog
 M - 2 scrolls of poison
 P - a scroll of acquirement
Potions
 b - 4 potions of attraction
 d - 5 potions of might
 f - 5 potions of magic
 l - 3 potions of haste
 n - 7 potions of flight
 o - 2 potions of resistance
 s - a potion of degeneration
 t - 8 potions of curing
 u - a potion of brilliance
 z - 2 potions of heal wounds
 D - a potion of cancellation {unknown}
 I - 2 potions of berserk rage
 O - a potion of mutation
 R - 3 potions of lignification {unknown}
 T - a potion of experience {unknown}


   Skills:
 + Level 9.3 Fighting
 + Level 13.4 Long Blades
 + Level 12.0 Armour
 + Level 4.4 Dodging
 + Level 2.5 Stealth
 + Level 8.7 Shields


You had 10 spell levels left.
You didn't know any spells.
Your spell library contained the following spells:

 Spells                   Type           Power      Damage    Failure   Level
 Apportation              Tloc           0%         N/A       98%         1
 Magic Dart               Conj           0%         1d3       98%         1
 Necrotise                Necr           0%         1d4       98%         1
 Summon Small Mammal      Summ           0%         N/A       98%         1
 Blink                    Tloc           0%         N/A       99%         2
 Call Imp                 Summ           0%         N/A       99%         2
 Searing Ray              Conj           0%         2d4       99%         2
 Lesser Beckoning         Tloc           0%         N/A       100%        3
 Mephitic Cloud           Conj/Pois/Air  0%         N/A       100%        3
 Ozocubu's Armour         Ice            0%         N/A       100%        3
 Stone Arrow              Conj/Erth      0%         3d7       100%        3
 Vampiric Draining        Necr           0%         2d6       100%        3
 Animate Armour           Summ/Erth      0%         N/A       100%        4
 Fulminant Prism          Conj/Hex       0%         3d6       100%        4
 Petrify                  Tmut/Erth      0%         N/A       100%        4
 Agony                    Necr           0%         N/A       100%        5
 Manifold Assault         Tloc           0%         N/A       100%        5
 Haunt                    Necr/Summ      0%         N/A       100%        7
 Ozocubu's Refrigeration  Ice            0%         4d7       100%        7
 Lehudib's Crystal Spear  Conj/Erth      0%         10d2      100%        8
 Animate Dead             Necr           Unusable   N/A       N/A         4

Dungeon Overview and Level Annotations

Branches:
Dungeon (9/15)             Temple (1/1) D:6            Lair (2/5) D:9
  Swamp: Lair:2-3    Shoals: Lair:2-3     Snake: Lair:2-3    Spider: Lair:2-3
    Orc: D:9-12

Altars:
Ashenzari
Cheibriados
Dithmenos
Elyvilon
Fedhas
Gozag
Kikubaaqudgha
Nemelex Xobeh
Okawaru
Qazlal
Ru
Sif Muna
Trog
Uskayaw
Vehumet
Wu Jian
Xom
Yredelemnul
Zin
The Shining One

Shops:
D:2 (   D:3 =   D:6 *?[*


Innate Abilities, Weirdness & Mutations

You have a pair of horns on your head.
You reflexively headbutt those who attack you in melee.


Message History

The ten-headed hydra closely misses you.
The ten-headed hydra bites you but does no damage.
The ten-headed hydra barely misses you.
You barely miss the ten-headed hydra.
The ten-headed hydra is heavily wounded.
The ten-headed hydra bites you. The ten-headed hydra misses you.
The ten-headed hydra bites you.
The ten-headed hydra bites you but does no damage.
You block the ten-headed hydra's attack.
The ten-headed hydra bites you! x2; The ten-headed hydra barely misses you.
The ten-headed hydra bites you!
* * * LOW HITPOINT WARNING * * *
The ten-headed hydra bites you.
* * * LOW HITPOINT WARNING * * *
As you read the scroll of teleportation, it crumbles to dust.
You feel strangely unstable. The ten-headed hydra misses you.
You furiously retaliate!
You headbutt the ten-headed hydra! The ten-headed hydra barely misses you.
You block the ten-headed hydra's attack.
The ten-headed hydra bites you!
* * * LOW HITPOINT WARNING * * *
The ten-headed hydra bites you.
* * * LOW HITPOINT WARNING * * *
The ten-headed hydra bites you.
* * * LOW HITPOINT WARNING * * *
The ten-headed hydra misses you.
The ten-headed hydra completely misses you.
The ten-headed hydra bites you but does no damage.
The ten-headed hydra completely misses you.
You feel much better. The ten-headed hydra bites you!
* * * LOW HITPOINT WARNING * * *
The ten-headed hydra bites you but does no damage.
The ten-headed hydra barely misses you.
The ten-headed hydra bites you but does no damage. x2
The ten-headed hydra bites you!
* * * LOW HITPOINT WARNING * * *
You block the ten-headed hydra's attack. x2
The ten-headed hydra bites you!
You die...
Your body crumbles into a pile of gold.

## ..# #####
...P #...#####.
....##.........
...#.......P...
#.....#@.#....#
#.P...D....#..#
###.
..........## .
....
######...## #..
##.## ....
#.#.## #.#
###...##.. .#
#.........# .#
# #.##.##.#P#


You could see a ten-headed hydra.

Vanquished Creatures
  A catoblepas (Lair:1)
  3 black mambas (Lair:1)
  2 cane toads (Lair:2)
  2 rime drakes (Lair:1)
  A komodo dragon (Lair:1)
  5 polar bears (Lair:1)
  A hornet (D:9)
  Sigmund (D:5)
  4 wyverns
  A steam dragon (D:6)
  16 yaks
  7 water moccasins
  An orc warrior (D:8)
  A sky beast (D:6)
  2 ice beasts
  2 black bears
  A wolf (D:9)
  A centaur (D:6)
  A phantom (D:4)
  5 kobold brigands
  3 gnoll sergeants (D:9)
  3 bullfrogs
  6 scorpions
  3 necrophages
  5 wights
  4 hounds
  3 orc priests
  2 jellies
  2 gnoll boudas
  3 iguanas
  Terence (D:3)
  Natasha (thrice) (D:3)
  6 orc wizards
  18 gnolls
  6 adders
  A shadow imp (D:6)
  A white imp (D:7)
  2 ufetubi
  2 dart slugs (D:3)
  25 orcs
  4 endoplasms
  7 giant cockroaches
  10 goblins
  7 hobgoblins
  9 jackals
  19 kobolds
  6 quokkas
  4 ball pythons
  7 bats
  4 frilled lizards
  6 rats
240 creatures vanquished.

Vanquished Creatures (others)
  A fungus (Lair:1)
  16 plants
17 creatures vanquished.

Grand Total: 257 creatures vanquished

Notes
Turn   | Place    | Note
-------+----------+-------------------------------------------
     0 | D:1      | Earthwalker the Minotaur Fighter began the quest for the
                  | Orb.
     0 | D:1      | Reached XP level 1. HP: 19/19 MP: 0/0
   149 | D:1      | Reached XP level 2. HP: 11/27 MP: 1/1
   843 | D:1      | Found a faded altar of an unknown god.
   996 | D:1      | Reached XP level 3. HP: 33/33 MP: 2/2
  1391 | D:2      | Found Tirchomi's Weapon Shop.
  1415 | D:2      | Found a shimmering altar of Xom.
  1464 | D:2      | Reached skill level 3 in Long Blades
  1984 | D:3      | Found Nuarifut's Jewellery Emporium.
  2050 | D:3      | Reached XP level 4. HP: 39/40 MP: 3/3
  2182 | D:3      | Noticed Natasha
  2188 | D:3      | Killed Natasha
  2258 | D:3      | Noticed Natasha
  2267 | D:3      | Killed Natasha
  2268 | D:3      | Reached skill level 4 in Long Blades
  2268 | D:3      | Reached XP level 5. HP: 43/46 MP: 4/4
  2344 | D:3      | Noticed Terence
  2356 | D:3      | Killed Terence
  2492 | D:3      | Noticed Natasha
  2499 | D:3      | Killed Natasha
  2737 | D:4      | Reached skill level 5 in Armour
  2759 | D:4      | Reached skill level 5 in Long Blades
  2759 | D:4      | Reached XP level 6. HP: 53/53 MP: 5/5
  2788 | D:4      | Found a large runed translucent door.
  2789 | D:4      | Found a large runed translucent door.
  2810 | D:4      | Found a broken altar of Ashenzari.
  2824 | D:4      | Found a hide-covered altar of Uskayaw.
  3709 | D:4      | Reached skill level 1 in Dodging
  3793 | D:4      | Identified a scroll of acquirement
  3793 | D:4      | Acquired 1001 gold pieces
  4611 | D:3      | Bought an amulet of regeneration for 300 gold pieces
  4611 | D:3      | Bought a ring of positive energy for 200 gold pieces
  4611 | D:3      | Bought a ring of poison resistance for 200 gold pieces
  4676 | D:5      | Entered Level 5 of the Dungeon
  4682 | D:5      | Reached skill level 6 in Long Blades
  4718 | D:5      | Noticed Sigmund
  4731 | D:5      | Reached XP level 7. HP: 56/60 MP: 6/6
  4748 | D:5      | Killed Sigmund
  4749 | D:5      | Reached skill level 5 in Fighting
  4749 | D:5      | Reached skill level 7 in Long Blades
  4749 | D:5      | Reached skill level 5 in Shields
  5003 | D:5      | Noticed a yak
  5021 | D:5      | Killed a yak
  5022 | D:5      | Reached skill level 8 in Long Blades
  5022 | D:5      | Reached XP level 8. HP: 70/70 MP: 7/7
  5174 | D:6      | Reached skill level 9 in Long Blades
  5196 | D:6      | Found Lapew's Assorted Antiques.
  5467 | D:6      | Found Lom Sufo's Assorted Antiques.
  5571 | D:6      | Reached XP level 9. HP: 78/78 MP: 8/8
  5601 | D:6      | Found an iron altar of Okawaru.
  5639 | D:6      | Found Cielino's Antique Armour Boutique.
  5641 | D:6      | Found Jauheen's Magic Scroll Shoppe.
  5672 | D:6      | Bought a glowing scarf for 160 gold pieces
  5680 | D:6      | Bought a scroll of magic mapping for 97 gold pieces
  5680 | D:6      | Bought a scroll of fog for 52 gold pieces
  5680 | D:6      | Bought a scroll of poison for 52 gold pieces
  5680 | D:6      | Bought a scroll of enchant armour for 97 gold pieces
  5680 | D:6      | Bought a scroll of fog for 52 gold pieces
  5680 | D:6      | Bought a scroll of teleportation for 39 gold pieces
  5680 | D:6      | Bought a scroll of identify for 26 gold pieces
  5680 | D:6      | Bought a scroll of identify for 26 gold pieces
  5838 | D:6      | Found a staircase to the Ecumenical Temple.
  5851 | Temple   | Entered the Ecumenical Temple
  5887 | Temple   | Became a worshipper of Gozag Ym Sagoz the Greedy
  6136 | D:6      | Reached skill level 10 in Long Blades
  6765 | D:8      | Found a shadowy altar of Dithmenos.
  7108 | D:8      | Reached skill level 1 in Stealth
  7126 | D:8      | Reached skill level 11 in Long Blades
  7697 | D:8      | Reached XP level 10. HP: 80/88 MP: 9/9
  7835 | D:8      | Reached skill level 10 in Armour
  7860 | D:9      | Reached skill level 12 in Long Blades
  8741 | D:9      | Found a staircase to the Lair.
  8800 | D:9      | Found a radiant altar of Vehumet.
  8894 | Lair:1   | Entered Level 1 of the Lair of Beasts
  8955 | Lair:1   | Noticed a black mamba
  8970 | Lair:1   | Killed a black mamba
  8980 | Lair:1   | HP: 3/90 [polar bear (9)]
  9103 | Lair:1   | Reached XP level 11. HP: 95/95 MP: 10/10
  9361 | Lair:1   | Reached skill level 13 in Long Blades
  9468 | Lair:1   | Noticed a catoblepas
  9498 | Lair:1   | Killed a catoblepas
 10077 | Lair:1   | Got the Omnibus of the Eternal Void
 10459 | Lair:2   | Identified the +3 trident of Conservatism {vorpal, rPois
                  | rN++ Dex-2 Stlth+}
 10487 | Lair:2   | Noticed a seven-headed hydra
 10522 | Lair:2   | Noticed an eight-headed hydra
 10552 | Lair:2   | Slain by a ten-headed hydra

Illustrated notes

Levels and vault maps discovered:
D:1:      dpeg_arrival_round_b, layout_loops_corners,
          hellmonk_ecumenical_altar_lost_god, serial_forest,
          infiniplex_forest_end_2, infiniplex_forest_lined_room_3,
          infiniplex_forest_lined_1, infiniplex_forest_clump_large,
          infiniplex_forest_clump_small, infiniplex_forest_lined_3,
          infiniplex_forest_clump_curved, infiniplex_forest_zigzag_2,
          infiniplex_forest_clump_tiny, st_stairs_4
D:2:      layout_rooms, basic_altar, serial_shops, shop, grunt_ministairs_6
D:3:      layout_basic, serial_shops, nicolae_shop_advertising_works
          [nicolae_subvault_shop_adworks], minmay_quantized, uniq_terence,
          uniq_natasha
D:4:      layout_basic, jmf_multi_god_temple2, nrook_mini_backslash
D:5:      layout_rooms, uniq_sigmund
D:6:      layout_loops_ring, mainiacjoe_overflow_surrounded_room, temple_hall,
          serial_shops, shop, shop, nicolae_shop_overgrown_old_shop,
          kennysheep_mini_moat
D:7:      layout_cave_pools, serial_rivers, chequers_serial_rivers_micro_a,
          chequers_serial_rivers_small_a, chequers_serial_rivers_marsh,
          chequers_serial_rivers_room_a
D:8:      layout_basic, nicolae_dithmenos_shadow_blocks
D:9:      layout_cave_pools, mainiacjoe_overflow_alcove_2,
          minmay_lair_entry_grove, serial_gnoll_camp, gnoll_camp_mini_doghouse,
          gnoll_camp_huts_basic, gnoll_camp_mini_hut, gnoll_camp_mini_loothouse
Temple:   nicolae_temple_superstar
Lair:1:   layout_cave_pods, cheibrodos_lair_lostbears
Lair:2:   lemuel_slime, layout_loops_ring, elwin_shoals_entry_rooms,
          serial_bayou_pond_d, chequers_serial_rivers_large_b

Skill      XL: |  1  2  3  4  5  6  7  8  9 10 11 |
---------------+----------------------------------+-----
Armour         | 4 5 6 7 9 11 12 | 12.0
Shields        | 4 5 6 7 8 |  8.7
Long Blades    | 3 4 5 6 8 9 11 12 13 | 13.4
Fighting       | 4 5 6 7 8 9 |  9.3
Dodging        | 1 2 3 4 |  4.4
Stealth        | 1 2 |  2.5

Action                   |  1- 3 |  4- 6 |  7- 9 | 10-12 || total
-------------------------+-------+-------+-------+-------++-------
Melee: Long sword        |   100 |    31 |       |   134 ||   265
       Headbutt          |    14 |    26 |    81 |   101 ||   222
       Falchion          |       |    75 |   336 |   320 ||   731
  Use: Scroll            |       |     6 |    13 |     3 ||    22
       Potion            |       |       |       |     1 ||     1
 Stab: Distracted        |       |       |     2 |     2 ||     4
Armor: Scale mail        |     8 |       |       |       ||     8
       Chain mail        |    42 |    45 |   175 |   235 ||   497
Dodge: Dodged            |    34 |    33 |   112 |   139 ||   318
       Repelled          |       |       |     1 |     1 ||     2
Block: Buckler           |    19 |    24 |    86 |   150 ||   279
